AoeStats
← Green Assassin

Nomad

504005622Analyzed
4v4 RM · 28d ago on Sep 3, 2026· 80m 31s· 8 players
Game mode
Random Map
Map size
231×231
Population
200
Speed
Normal
Resources
Standard
Victory
Conquest
Starting age
Dark Age
Ending age
Imperial Age
RankedLock teamsTeams togetherTeam positionsShared explorationLock speedFull tech treeHidden civsTurbo modeCheats
Victory
Defeat
🇳🇿 Celts · New Zealand
1250
+14
🇳🇿 Italians · New Zealand
1247
+14
🇳🇿 Gurjaras · New Zealand
1231
+15
🇩🇪 Japanese · Germany
1198
+16
🇸🇪 Romans · Sweden
1350
-20
🇸🇪 Tupi · Sweden
1224
-16
🇸🇪 Vikings · Sweden
1131
-12
🇸🇪 Tatars · Sweden
1119
-11
Redlocke
4:47 Loom
14:32 Feudal Age
19:05 Castle Age
19:28 Double-Bit Axe
19:52 Fletching
20:20 Bow Saw
21:33 Bodkin Arrow
27:07 Ballistics
31:15 Scale Barding Armor
31:52 Fishing Lines
33:30 Bloodlines
35:52 Chain Barding Armor
35:53 Silk Armor
40:54 Town Watch
41:45 Wheelbarrow
43:07 Gold Mining
44:36 Hand Cart
44:51 Husbandry
45:02 Forging
46:12 Horse Collar
47:42 Iron Casting
51:52 Imperial Age
53:17 Gold Shaft Mining
54:52 Plate Barding Armor
53:48 Heavy Camel Rider
56:04 Blast Furnace
55:44 Timurid Siegecraft
55:43 Siege Engineers
57:01 Heavy Cavalry Archer
57:45 Bracer
58:10 Padded Archer Armor
58:47 Elite Steppe Lancer
59:45 Masonry
60:06 Conscription
65:35 Elite Keshik
67:20 Murder Holes
68:26 Chemistry
68:31 Caravan
68:27 Light Cavalry
70:38 Hussar
Grymmaklumpen22
7:27 Loom
13:29 Feudal Age
14:13 Double-Bit Axe
17:04 Castle Age
16:03 Horse Collar
18:07 Bow Saw
22:15 Fletching
22:54 Bodkin Arrow
29:48 Padded Archer Armor
30:17 Gold Mining
31:07 Wheelbarrow
35:00 Imperial Age
33:44 Ballistics
33:56 Leather Archer Armor
36:05 Bracer
37:13 Chemistry
37:15 Elite Blackwood Archer
39:26 Scale Mail Armor
39:37 Forging
39:58 Ring Archer Armor
39:59 Hand Cart
40:17 Curare
41:37 Elite Ibirapema Warrior
45:06 Conscription
59:19 Murder Holes
63:06 Crossbowman
64:21 Arbalester
69:21 Squires
68:48 Pikeman
70:37 Halberdier
74:10 Chain Mail Armor
73:44 Elite Skirmisher
Wavedash
13:39 Loom
16:22 Feudal Age
21:03 Castle Age
19:27 Fletching
19:37 Padded Archer Armor
19:40 Scale Mail Armor
19:50 Forging
19:44 Fishing Lines
20:07 Double-Bit Axe
20:17 Horse Collar
20:26 Arson
21:56 Gold Mining
22:05 Stone Mining
23:23 Squires
23:10 Crossbowman
25:33 Gillnets
27:30 Gold Shaft Mining
31:04 Bow Saw
33:56 Iron Casting
33:26 Scale Barding Armor
33:41 Chain Mail Armor
33:21 Bodkin Arrow
35:06 Town Watch
35:24 Heavy Plow
36:11 Leather Archer Armor
36:21 Gambesons
36:01 Pikeman
40:23 Imperial Age
38:34 Chieftains
42:01 Conscription
43:46 Blast Furnace
43:34 Crop Rotation
49:57 Man-at-Arms
52:16 Long Swordsman
55:06 Two-Handed Swordsman
55:14 Elite Berserk
Peppe L-G
7:53 Loom
13:08 Feudal Age
13:34 Town Watch
14:08 Double-Bit Axe
14:55 Fletching
15:26 Fishing Lines
22:55 Castle Age
21:37 Gold Mining
23:34 Bodkin Arrow
24:02 Medium Warships
24:45 Wheelbarrow
24:15 Gillnets
25:47 Bow Saw
28:09 Horse Collar
32:18 Heavy Plow
32:55 Hand Cart
33:07 Stone Mining
37:04 Imperial Age
35:24 Town Patrol
35:29 Scale Mail Armor
35:39 Forging
35:25 Man-at-Arms
36:06 Squires
36:44 Pikeman
38:13 Chain Mail Armor
40:28 Iron Casting
74:52 Long Swordsman
Green Assassin
4:27 Loom
13:32 Feudal Age
19:25 Castle Age
18:04 Gold Mining
18:02 Double-Bit Axe
19:22 Fishing Lines
20:30 Wheelbarrow
20:16 Forging
21:53 Squires
21:38 Arson
22:23 Fletching
26:00 Bodkin Arrow
27:05 Ballistics
28:11 Guard Tower
28:30 Yasama
39:48 Imperial Age
38:32 Iron Casting
38:41 Scale Mail Armor
39:50 Murder Holes
41:09 Bracer
42:15 Chemistry
42:47 Chain Mail Armor
43:40 Blast Furnace
44:30 Keep
44:02 Arrowslits
46:47 Plate Mail Armor
48:04 Conscription
48:47 Kataparuto
48:22 Pikeman
51:34 Elite Skirmisher
52:17 Padded Archer Armor
54:08 Leather Archer Armor
55:29 Thumb Ring
55:31 Halberdier
57:03 Siege Engineers
68:51 Elite Samurai
70:22 Hoardings
71:20 Bow Saw
78:40 Hand Cart
Ayy Lmao
5:01 Loom
12:36 Feudal Age
15:44 Double-Bit Axe
24:15 Castle Age
25:17 Medium Warships
26:02 Bow Saw
26:23 Careening
28:06 Clinker Construction
30:26 Fishing Lines
33:29 Fletching
38:26 Wheelbarrow
42:31 Imperial Age
40:42 Wheelbarrow
41:04 Scale Mail Armor
41:15 Forging
42:07 Squires
42:23 Chain Mail Armor
43:20 Iron Casting
42:17 Pikeman
44:35 Plate Mail Armor
45:06 Plate Mail Armor
45:29 Arson
50:40 Bodkin Arrow
53:46 Horse Collar
57:18 Chemistry
59:18 Chemistry
60:29 Two-Man Saw
64:41 Blast Furnace
63:17 Elite Cannon Galleon
64:10 Pikeman
68:22 Hand Cart
68:45 Scale Barding Armor
69:36 Husbandry
70:35 Light Cavalry
71:26 Bloodlines
72:53 Hussar
79:43 Chain Barding Armor
your grace
4:26 Loom
13:37 Feudal Age
15:26 Double-Bit Axe
19:16 Castle Age
18:28 Gold Mining
21:00 Scale Barding Armor
23:10 Forging
30:42 Husbandry
31:19 Iron Casting
34:32 Wheelbarrow
33:43 Town Watch
38:07 Imperial Age
38:19 Cavalier
46:07 Conscription
47:40 Gold Shaft Mining
47:17 Bow Saw
47:58 Hand Cart
60:40 Fishing Lines
61:02 Paladin
65:57 Chain Barding Armor
66:39 Light Cavalry
69:08 Pikeman
69:50 Scale Mail Armor
73:45 Halberdier
N1K
5:13 Loom
15:42 Feudal Age
18:00 Double-Bit Axe
17:57 Horse Collar
20:31 Castle Age
18:34 Fishing Lines
21:34 Bow Saw
21:24 Heavy Plow
21:45 Gillnets
27:47 Wheelbarrow
27:36 Gold Mining
28:08 Fortified Wall
29:19 Hand Cart
33:38 Imperial Age
31:16 Scale Barding Armor
31:21 Forging
32:17 Husbandry
32:28 Bloodlines
32:49 Chain Barding Armor
33:22 Iron Casting
34:12 Gold Shaft Mining
33:52 Heavy Camel Rider
35:09 Plate Barding Armor
34:36 Stone Mining
35:17 Crop Rotation
34:42 Treadmill Crane
35:12 Masonry
36:56 Stone Shaft Mining
39:40 Coinage
40:49 Caravan
41:20 Banking
41:30 Conscription
41:32 Frontier Guards
41:20 Kshatriyas
46:27 Elite Chakram Thrower
47:13 Scale Mail Armor
46:47 Light Cavalry
48:21 Hoardings
48:19 Chain Mail Armor
48:06 Hussar
49:49 Plate Mail Armor
57:35 Onager
62:07 Architecture
66:25 Town Watch
Connection lost

Rejoining the realm…

Still unreachable

The connection could not be restored.

Session expired

The server has moved on; the page needs a fresh start.